 Dungeon Crawl Stone Soup version 0.30-a0-953-g5f1da4a474 (webtiles) character file.

Game seed: 13382106984304403793

39 lesbiats the Trooper (level 3, -2/36 HPs)
             Began as a Troll Fighter on Mar 29, 2023.
             Slain by a gnoll
             ... wielding a +0 heavy halberd
              (26 damage)
             ... on level 2 of the Dungeon.
             The game lasted 00:03:11 (1154 turns).

lesbiats the Trooper (Troll Fighter)                Turns: 1154, Time: 00:03:11

Health: -2/36      AC:  4    Str: 26    XL:     3   Next: 28%
Magic:  2/2        EV:  8    Int:  4    God:
Gold:   79         SH:  7    Dex:  9    Spells: 2/2 levels left

rFire   . . .      SeeInvis .    a - +0 flail
rCold   . . .      Faith    .    c - +0 kite shield
rNeg    . . .      Spirit   .    b - +0 robe
rPois   .          Reflect  .    (helmet restricted)
rElec   .          Rampage  .    (no cloak)
rCorr   .                        (gloves unavailable)
Will    .....                    (boots unavailable)
Stlth   +                        k - amulet of the acrobat
HPRegen 1.06/turn                (no ring)
MPRegen 0.08/turn                (no ring)

@: no status effects
A: large, unfitting armour, claws 3, regeneration 1, shaggy fur 1, tough skin 1
a: no special abilities


You were on level 2 of the Dungeon.
You visited 1 branch of the dungeon, and saw 2 of its levels.

You collected 79 gold pieces.

Inventory:

Hand Weapons
 a - a +0 flail (weapon)
Missiles
 l - 2 poisoned darts (quivered)
Armour
 b - a +0 robe (worn)
 c - a +0 kite shield (worn)
Jewellery
 k - an amulet of the acrobat (around neck)
Scrolls
 e - a scroll of teleportation {unknown}
 i - a scroll of vulnerability {unknown}
 j - a scroll of brand weapon {unknown}
Potions
 d - a potion of might
 f - a potion of berserk rage {unknown}
 g - a potion of mutation {unknown}
 h - a potion of brilliance {unknown}


   Skills:
 + Level 2.7 Fighting
 * Level 2.7 Maces & Flails
 + Level 2.7 Dodging
 - Level 2.6 Shields


You had 2 spell levels left.
You didn't know any spells.
Your spell library contained the following spells:

 Spells                   Type           Power      Damage    Failure   Level
 Beastly Appendage        Tmut           0%         N/A       80%         1
 Wereblood                Tmut           0%         N/A       91%         2
 Spider Form              Tmut/Pois      0%         N/A       99%         3


Dungeon Overview and Level Annotations

Branches:
Dungeon (2/15)

Altars:


Innate Abilities, Weirdness & Mutations

You are too large for most types of armour.
You have claws for hands.
Your natural rate of healing is unusually fast.
You are covered in fur. (AC +1)
You have tough skin. (AC +1)


Message History

You hit the hobgoblin but do no damage. You block the hobgoblin's attack.
You sock the hobgoblin!
You kill the hobgoblin!
You sock the endoplasm!
You kill the endoplasm!
No target in view!
No target in view!
A bat comes into view.
The bat hits you but does no damage.
You see here 12 gold pieces.
A bat is nearby!
You closely miss the bat. You block the bat's attack.
The bat hits you but does no damage.
You thump the bat!
You kill the bat!
No target in view!
You now have 79 gold pieces (gained 12).
You see here a bat corpse.
A gnoll comes into view. It is wielding a +0 club.
The gnoll shouts!
You hear a shout! x2
The gnoll moves out of view.
A gnoll is nearby!
A gnoll comes into view. It is wielding a +0 heavy halberd.
The gnoll moves out of view.
You hit the gnoll.
The gnoll is heavily wounded.
The gnoll hits you with a +0 club. x2
You hit the gnoll.
The gnoll is severely wounded.
A gnoll comes into view. It is wielding a +0 heavy flail.
The gnoll closely misses you.
You hit the gnoll.
The gnoll is almost dead.
The gnoll closely misses you.
The gnoll hits you from afar with a +0 heavy halberd!
You hit the gnoll.
You kill the gnoll!
The gnoll hits you from afar with a +0 heavy halberd!!
Ouch! That really hurt!
You die...

..............†..>..#
....................#
....................#
..>.....#...........#
........##..........#
##..#.#......#......#
##.#.###..†.#....$.#
#.#...............#
..##>####..)@...# #
#. ####.#### .. #g#
##. ... .... ..g...
..... #......


You could see 2 gnolls.

Vanquished Creatures
  A gnoll (D:2)
  A worm (D:1)
  3 ball pythons
  2 endoplasms
  A giant cockroach (D:1)
  4 goblins
  6 hobgoblins
  6 jackals (D:1)
  A kobold (D:2)
  2 bats
  A frilled lizard (D:1)
  4 rats
32 creatures vanquished.

Notes
Turn   | Place    | Note
-------+----------+-------------------------------------------
     0 | D:1      | lesbiats the Troll Fighter began the quest for the Orb.
     0 | D:1      | Reached XP level 1. HP: 22/22 MP: 0/0
   283 | D:1      | Reached XP level 2. HP: 29/29 MP: 1/1
  1030 | D:2      | Reached XP level 3. HP: 36/36 MP: 2/2
  1154 | D:2      | Slain by a gnoll

Illustrated notes

Levels and vault maps discovered:
D:1:      minmay_arrival_stone_box, layout_loops_ring, serial_forest,
          infiniplex_forest_straight_4, infiniplex_forest_lined_corner,
          infiniplex_forest_clump_long, infiniplex_forest_clump_cross,
          infiniplex_forest_end_3, infiniplex_forest_end_2,
          infiniplex_forest_lined_corner
D:2:      layout_rooms, uniq_natasha

Skill      XL: |  1 |
---------------+----+-----
Maces & Flails | 2 |  2.7
Fighting       | |  2.7
Dodging        | |  2.7
Shields        | |  2.6

Action                     || total
---------------------------++-------
  Melee: Flail             ||    82
   Stab: Distracted        ||     1
         Sleeping          ||     1
 Armour: Robe              ||    36
  Dodge: Dodged            ||    47
  Block: Kite shield       ||    44

Table legend: (Time is in decaauts)
 A = Elapsed time spent in this place.
 B = Non-inter-level travel time spent in this place.
 C = Inter-level travel time spent in this place.
 D = Time resting spent in this place.
 E = Time spent auto-exploring this place.
 F = Levels seen in this place.
 G = Mean time per level.
                   A        B        C        D        E       F      G
               +--------+--------+--------+--------+--------+-----+--------+
         Total |   1191 |   1154 |     37 |      7 |    880 |   2 |  595.5 |
       Dungeon |   1191 |   1154 |     37 |      7 |    880 |   2 |  595.5 |
               +--------+--------+--------+--------+--------+-----+--------+

Top non-repeatable levels by time:
     D:1: 1041 daAuts
     D:2: 149 daAuts
